 Dungeon Sprint DCSS version 0.27.0-1-g7a089689b8 (webtiles) character file.

Game seed: 64755167060412434

301 styxcanada the Unseen (level 6, -3/33 HPs)
             Began as a Spriggan Brigand on Aug 16, 2021.
             Was an Initiate of Gozag.
             Slain by a spatial vortex (19 damage)
             ... in the Dungeon (Sprint III: "The Ten Rune Challenge").
             The game lasted 00:03:52 (618 turns).

styxcanada the Unseen (Spriggan Brigand)             Turns: 618, Time: 00:03:53

Health: -3/33      AC:  4    Str:  7    XL:     6   Next: 14%
Magic:  7/7        EV: 21    Int: 12    God:    Gozag
Gold:   17         SH:  0    Dex: 19    Spells: 5/5 levels left

rFire    . . .     SeeInvis +   m - +2 dagger (elec)
rCold    . . .     Faith    .   (shield restricted)
rNeg     . . .     Spirit   .   n - +1 robe
rPois    .         Reflect  .   (helmet restricted)
rElec    .         Harm     .   c - +0 cloak
rCorr    .         Rampage  .   (gloves unavailable)
Will     +....     NoTele   +   (boots unavailable)
Stlth    ++++++....             (no amulet)
HPRegen  0.11/turn              (no ring)
MPRegen  0.10/turn              (no ring)

@: very quick
A: very small, no large weapons, unfitting armour, see invisible, speed 3,
antennae 1, no potion heal 1
a: Renounce Religion, Potion Petition, Call Merchant, Bribe Branch


You were in the Dungeon.
You worshipped Gozag.
Gozag was noncommittal.
You visited 1 branch You collected 17 gold pieces.

Inventory:

Hand Weapons
 a - a +2 dagger
 m - a +2 dagger of electrocution (weapon)
Missiles
 d - 7 poisoned darts
 e - 2 curare-tipped darts (quivered)
 l - 15 stones
Armour
 c - a +0 cloak (worn)
 n - a +1 robe (worn)
Scrolls
 k - 2 scrolls of blinking
 o - a scroll of immolation {unknown}
 q - 3 scrolls of torment {unknown}
 r - a scroll of identify {unknown}
Potions
 b - a potion of attraction {unknown}
 f - a potion of curing
 g - a potion of heal wounds
 h - a potion of haste
 i - 2 potions of magic
 p - 2 potions of flight


   Skills:
 * Level 4.0 Fighting
 + Level 3.8 Short Blades
 + Level 4.9 Throwing
 * Level 5.9 Dodging
 * Level 15.2 Stealth


You had 5 spell levels left.
You didn't know any spells.
Your spell library was empty.

Dungeon Overview and Level Annotations

Branches:
Dungeon (1/1)

Altars:
Cheibriados
Fedhas
Gozag
Hepliaklqana
Makhleb
Nemelex Xobeh
Qazlal
Xom
Jiyva
Lugonu


Innate Abilities, Weirdness & Mutations

You are very small and have problems with some larger weapons.
You are too small for most types of armour.
You have supernaturally acute eyesight. (SInv)
You cover ground extremely quickly. (Speed+++)
You have a pair of small antennae on your head.
Potions are less effective at restoring your health.


Message History

Your experience leads to an increase in your attributes!
Increase (S)trength, (I)ntelligence, or (D)exterity?
You feel agile.
You puncture the jelly!
You kill the jelly!
Your Fighting skill increases to level 4!
Your Stealth skill increases to level 15!
There is a fountain of clear blue water here.
You feel a strong urge to attack something.
You feel your anger nearly subside.
You are no longer berserk.
You are exhausted.
You feel yourself slow down.
e - a curare-tipped dart
e - 2 curare-tipped darts (gained 1)
You start resting.
You feel yourself speed up.
You start resting.
You recover from your berserk rage.
There is an open door here.
You start resting.
HP restored.
You open the door.
Found a blossoming altar of Fedhas and a stormy altar of Qazlal.
A spatial vortex comes into view.
Found a phantom mirror.
Found eight altars.
There is an open door here.
There is a snail-covered altar of Cheibriados here.
There is a hazy altar of Hepliaklqana here.
There is an opulent altar of Gozag here.
There is a viscous altar of Jiyva here.
There is an opulent altar of Gozag here.
You kneel at the altar of Gozag.
Gozag welcomes you!
Gozag waives the service fee.
You barely miss the spatial vortex. The spatial vortex hits you!
Ouch! That really hurt!
Space warps horribly around you!!
Ouch! That really hurt!
You die...
Your body crumbles into a pile of gold. ...♣♣ ♣.#* * $$ $$$ ....♣♣ ♣.# $ $ ...♣.♣ ♣.#{ $$ ...≈.♣ ♣♣.###+#+###+##$ $$ ..≈≈.♣ ♣..#..........# $ $ .≈≈≈≈♣♣♣..'.⌠........# $$$$

$$$
.≈≈≈≈≈≈♣♣.#...######'#
$$ $ $
≈≈≈≈≈≈....#.⌠.#__#...#
≈≈≈≈≈.....#...#_@#...#
≈≈≈.......#+###_v#...#
..........# #__#...+
..........# #__'...#
▓▓▓▓▓▓▓▓▓▓▓ ▓▓▓▓▓▓▓▓ ≈
≈ ≈ ≈* *


You could see a spatial vortex.

Vanquished Creatures
  A shadow (D)
  A water elemental (D)
  A jelly (D)
  Jessica (D)
  A human (D)
  A phantom (D)
  An endoplasm (D)
  A rat (D)
8 creatures vanquished.

Vanquished Creatures (others)
  3 plants (D)
3 creatures vanquished.

Grand Total: 11 creatures vanquished

Notes
Turn   | Place    | Note
-------+----------+-------------------------------------------
     0 | D        | styxcanada the Spriggan Brigand began the quest for the
                  | Orb.
     0 | D        | Reached XP level 1. HP: 10/10 MP: 2/2
     5 | D        | Reached skill level 6 in Stealth
    13 | D        | Noticed Jessica
    29 | D        | Killed Jessica
    30 | D        | Reached skill level 9 in Stealth
    30 | D        | Reached XP level 2. HP: 15/15 MP: 3/3
   219 | D        | Reached skill level 10 in Stealth
   219 | D        | Reached XP level 3. HP: 19/19 MP: 4/4
   270 | D        | Gained mutation: You are clumsy. (Dex -2) [potion of
                  | mutation]
   270 | D        | Gained mutation: You sometimes lose the ability to read
                  | scrolls when taking damage. [potion of mutation]
   270 | D        | Gained mutation: You have a pair of small horns on your
                  | head. [potion of mutation]
   271 | D        | Lost mutation: You sometimes lose the ability to read
                  | scrolls when taking damage. [potion of mutation]
   271 | D        | Lost mutation: You have a pair of small horns on your head.
                  | [potion of mutation]
   271 | D        | Gained mutation: Armour fits poorly on your strangely
                  | shaped body. [potion of mutation]
   271 | D        | Gained mutation: You passively map a small area around you.
                  | [potion of mutation]
   271 | D        | Gained mutation: You are frail. (-10% HP) [potion of
                  | mutation]
   272 | D        | Lost mutation: Armour fits poorly on your strangely shaped
                  | body. [potion of mutation]
   272 | D        | Lost mutation: You are clumsy. (Dex -2) [potion of
                  | mutation]
   272 | D        | Lost mutation: You are frail. (-10% HP) [potion of
                  | mutation]
   272 | D        | Gained mutation: Armour fits poorly on your strangely
                  | shaped body. [potion of mutation]
   273 | D        | Lost mutation: Armour fits poorly on your strangely shaped
                  | body. [potion of mutation]
   273 | D        | Lost mutation: You passively map a small area around you.
                  | [potion of mutation]
   273 | D        | Gained mutation: You have a pair of small antennae on your
                  | head. [potion of mutation]
   274 | D        | Lost mutation: You have a pair of small antennae on your
                  | head. [potion of mutation]
   274 | D        | Gained mutation: Your spells are a little easier to cast,
                  | but a little less powerful. [potion of mutation]
   274 | D        | Gained mutation: You expend magic power (3 MP) to
                  | strengthen your wands. [potion of mutation]
   275 | D        | Lost mutation: You expend magic power (3 MP) to strengthen
                  | your wands. [potion of mutation]
   275 | D        | Lost mutation: Your spells are a little easier to cast, but
                  | a little less powerful. [potion of mutation]
   275 | D        | Gained mutation: Potions are less effective at restoring
                  | your health. [potion of mutation]
   275 | D        | Gained mutation: You have a pair of small antennae on your
                  | head. [potion of mutation]
   297 | D        | Noticed a water elemental
   299 | D        | Killed a water elemental
   300 | D        | Reached skill level 12 in Stealth
   300 | D        | Reached XP level 4. HP: 23/23 MP: 5/5
   310 | D        | Noticed a shadow
   335 | D        | Killed a shadow
   336 | D        | Reached skill level 5 in Dodging
   336 | D        | Reached skill level 14 in Stealth
   336 | D        | Reached XP level 5. HP: 3/29 MP: 6/6
   336 | D        | Reached XP level 6. HP: 3/33 MP: 7/7
   338 | D        | Reached skill level 15 in Stealth
   610 | D        | Found a blossoming altar of Fedhas.
   610 | D        | Found a stormy altar of Qazlal.
   611 | D        | Found a snail-covered altar of Cheibriados.
   611 | D        | Found a burning altar of Makhleb.
   611 | D        | Found a hazy altar of Hepliaklqana.
   611 | D        | Found a shimmering altar of Xom.
   611 | D        | Found an opulent altar of Gozag.
   611 | D        | Found a sparkling altar of Nemelex Xobeh.
   611 | D        | Found a corrupted altar of Lugonu.
   611 | D        | Found a viscous altar of Jiyva.
   611 | D        | Noticed a spatial vortex
   617 | D        | Became a worshipper of Gozag Ym Sagoz the Greedy
   618 | D        | Slain by a spatial vortex

Illustrated notes

Levels and vault maps discovered:
D:        dungeon_sprint_mu [sprint_mu_entry_forest, sprint_mu_temple_rooms,
          sprint_mu_d1_spiders, sprint_mu_d2_genie, sprint_mu_d3_branching,
          sprint_mu_orc_legion, sprint_mu_elf_gauntlet, sprint_mu_hive_nellie,
          sprint_mu_lair_fedhas, sprint_mu_vaults_butterflies,
          sprint_mu_slime_circle, sprint_mu_swamp_cave, sprint_mu_shoals_kraken,
          sprint_mu_blade_basic, sprint_mu_crypt_fortress,
          sprint_mu_tomb_spiral, sprint_mu_vestibule_basic,
          sprint_mu_gehenna_hellfire, sprint_mu_dis_giant,
          sprint_mu_tartarus_statrot, sprint_mu_cocytus_islands, sprint_mu_zot1]

Skill      XL: |  1  2  3  4  5  6 |
---------------+-------------------+-----
Stealth        | 9 10 12 14 15 | 15.2
Fighting       | 2 3 4 |  4.0
Dodging        | 3 4 5 |  5.9
Short Blades   | 3 |  3.8
Throwing       | 3 4 |  4.9

Action                   |  1- 3 |  4- 6 || total
-------------------------+-------+-------++-------
Melee: Dagger            |    10 |     8 ||    18
Throw: Dart              |    18 |     2 ||    20
  Use: Potion            |     6 |     1 ||     7
 Stab: Sleeping          |     2 |       ||     2
Dodge: Dodged            |     4 |     4 ||     8
